 Dungeon Crawl Stone Soup version 0.19-a0-1899-g2d93087 (webtiles) character file.

70 dobroeutro the Shooter (level 4, -2/38 HPs)
             Began as a Centaur Hunter on Oct 20, 2016.
             Slain by Sigmund
             ... wielding a +2 vampiric scythe
              (3 damage)
             ... on level 2 of the Dungeon.
             The game lasted 00:03:06 (1438 turns).

dobroeutro the Shooter (Centaur Hunter)             Turns: 1438, Time: 00:03:07

Health: -2/38      AC:  6    Str: 15    XL:     4   Next: 3%
Magic:  4/4        EV:  9    Int: 10    God:
Gold:   142        SH:  0    Dex: 10    Spells: 0 memorised, 3 levels left

rFire  . . .     SeeInvis .     h - +0 hand axe (vamp)
rCold  . . .     Gourm    .     c - +0 leather armour
rNeg   . . .     Faith    .     (no shield)
rPois  .         Spirit   .     r - +0 helmet
rElec  .         Reflect  .     e - +0 cloak
rCorr  .         Harm     .     (no gloves)
MR     .....                    (no barding)
Stlth  +.........               (no amulet)
                                (no ring)
                                (no ring)

@: very quick
A: hooves 3, deformed body, speed 2, tough skin 3
a: no special abilities


You were on level 2 of the Dungeon.
You were not hungry.

You visited 1 branch of the dungeon, and saw 4 of its levels.

You collected 142 gold pieces.

Inventory:

Hand Weapons
 a - a +1 shortbow
 b - a +0 short sword
 h - a +0 vampiric hand axe (weapon)
Missiles
 d - 36 arrows
Armour
 c - a +0 leather armour (worn)
 e - a +0 cloak (worn)
 r - a +0 helmet (worn)
Wands
 x - a wand of flame (28/48)
Scrolls
 f - 2 scrolls of enchant armour {unknown}
 g - 2 scrolls of noise {unknown}
 i - a scroll of blinking {unknown}
 j - a scroll of recharging {unknown}
 n - 2 scrolls of amnesia {unknown}
 p - a scroll of fear {unknown}
 q - 2 scrolls of fog {unknown}
 t - a scroll of remove curse {unknown}
Potions
 k - a potion of invisibility {unknown}
 l - a potion of flight {unknown}
 o - 2 potions of lignification {unknown}
 s - a potion of cancellation {unknown}
 u - a potion of curing {unknown}
 v - a potion of ambrosia {unknown}
Comestibles
 m - a meat ration
 w - 3 chunks of flesh
 z - a bread ration


   Skills:
 + Level 3.4 Fighting
 + Level 6.3 Bows
 - Level 1.3 Dodging
 - Level 0.4 Stealth


You had 3 spell levels left.
You didn't know any spells.

Dungeon Overview and Level Annotations

Branches:
Dungeon (4/15)
 Temple: D:4-7

Altars:

Annotations:
D:2 Sigmund
D:4 Grinder


Innate Abilities, Weirdness & Mutations

You have hooves in place of feet.
Armour fits poorly on your strangely shaped body.
You cover ground very quickly.
You have extremely tough skin. (AC +3)


Message History

Sigmund hits you with a vampiric scythe.
You barely miss Sigmund. Your kick misses Sigmund.
Sigmund is moderately wounded.
Sigmund hits you with a vampiric scythe!
You hit Sigmund but do no damage.
Sigmund is moderately wounded.
Sigmund hits you with a vampiric scythe.
* * * LOW HITPOINT WARNING * * *
Sigmund draws strength from your wounds!
You hit Sigmund.
You feel better.
Sigmund is moderately wounded.
Sigmund gestures wildly while chanting.
Sigmund flickers and vanishes!
Deactivating autopickup; reactivate with Ctrl-A.
A frilled lizard comes into view.
You hit something but do no damage. You kick something.
The frilled lizard moves out of view.
Something hits you!
* * * LOW HITPOINT WARNING * * *
You miss something. Something hits you.
You die...

## ## . .# ## #
##.## ##.
#.##)l.###..
###..
#b{@.#.....#
#..[.
#.#######.?..##$
#S.
#................
##.
#####.####...##..
## #.# #.## # #.#
## . ####.#####
## #........#
#.##)###.#


You could see a bat and a frilled lizard.

Vanquished Creatures
  Jessica (D:2)
  An adder (D:2)
  2 dart slugs
  A leopard gecko (D:2)
  An orc (D:3)
  A giant cockroach (D:1)
  3 hobgoblins
  A ball python skeleton (D:4)
  5 bats (D:1)
  3 frilled lizards
  5 goblins
  4 kobolds (D:2)
  4 rats
32 creatures vanquished.

Notes
Turn   | Place    | Note
-------+----------+-------------------------------------------
     0 | D:1      | dobroeutro the Centaur Hunter began the quest for the Orb.
     0 | D:1      | Reached XP level 1. HP: 17/17 MP: 1/1
   145 | D:1      | Reached XP level 2. HP: 21/25 MP: 2/2
   602 | D:2      | You fall through a shaft for 2 floors!
   641 | D:4      | Noticed Grinder
  1033 | D:2      | Noticed Jessica
  1038 | D:2      | Killed Jessica
  1038 | D:2      | Reached skill level 6 in Bows
  1038 | D:2      | Reached XP level 3. HP: 30/31 MP: 3/3
  1423 | D:2      | Reached XP level 4. HP: 38/38 MP: 4/4
  1428 | D:2      | Noticed Sigmund
  1437 | D:2      | HP: 1/38 [something (11)]
  1438 | D:2      | Slain by Sigmund

Vault maps used:
D:1:      erik_arrival_blinker_ship, minmay_stone_trees_small, hex_medium,
          lemuel_another_geyser
D:2:      uniq_sigmund, uniq_jessica, uniq_crazy_yiuf_cottage
D:3:      chequers_temple_overflow_minitemple, ecumenical_altar_1, uniq_terence,
          uniq_robin
D:4:      serial_curves, eino_curves_03, eino_curves_04, eino_curves_01,
          uniq_grinder

Skill      XL: |  1  2 |
---------------+-------+-----
Fighting       | 3 |  3.4
Bows           | 6 |  6.3
Dodging        | |  1.3
Stealth        | |  0.4

Action                   |  1- 3 |  4- 6 || total
-------------------------+-------+-------++-------
Melee: Hand axe          |    92 |     9 ||   101
       Short sword       |    11 |       ||    11
       Kick              |    16 |     3 ||    19
  Eat: Bread ration      |     1 |       ||     1
       Chunk             |     1 |       ||     1
Armor: Leather armour    |    49 |       ||    49
Dodge: Dodged            |    56 |     2 ||    58
